 Dungeon Crawl Stone Soup version 0.28.0 (webtiles) character file.

Game seed: 87444173742602197

8306 pkoi the Destroyer (level 11, -5/67 (74) HPs)
             Began as a White Draconian Conjurer on Feb 14, 2022.
             Was a Believer of Sif Muna.
             Slain by a spectral wolf spider (8 damage)
             ... in a Gauntlet.
             The game lasted 00:25:23 (15900 turns).

pkoi the Destroyer (White Draconian Conjurer)      Turns: 15900, Time: 00:25:24

HP:   -5/67 (74)    AC: 10    Str: 10    XL:     11   Next: 8%
MP:   19/20         EV: 16    Int: 22    God:    Sif Muna [**....]
Gold: 550           SH:  0    Dex: 14    Spells: 5/22 levels left

rFire   + . .      SeeInvis .   g - +3 dagger (drain)
rCold   + . .      Faith    .   (no shield)
rNeg    . . .      Spirit   .   (armour unavailable)
rPois   +          Reflect  .   (helmet restricted)
rElec   .          Harm     .   m - +1 cloak
rCorr   .          Rampage  .   h - +0 pair of gloves {hurl}
Will    +....      NoTele   +   (no boots)
Stlth   ++........              D - amulet of magic regeneration
HPRegen 0.21/turn               a - +4 ring of evasion
MPRegen 0.57/turn               w - ring of Zuwkin Oczok {rPois rF+ Will+ Dex+4}

@: channelling, drained
A: breathe frost, AC +7, unfitting armour, cold resistance 1, cold-blooded
a: Breathe Frost, Renounce Religion, Channel Magic


You were in a Gauntlet.
You worshipped Sif Muna.
Sif Muna was pleased with you.
You visited 3 branches of the dungeon, and saw 12 of its levels.
You also visited: Gauntlet.

You collected 550 gold pieces.

Inventory:

Hand Weapons
 g - a +3 dagger of draining (weapon)
 B - a +3 dagger
 C - a +0 dagger of venom
Missiles
 j - a throwing net
 l - 3 boomerangs of dispersal
 n - 2 boomerangs
 o - 43 poisoned darts
 r - 11 curare-tipped darts
Armour
 h - a +0 pair of gloves of hurling (worn)
 m - a +1 cloak (worn)
Jewellery
 a - a +4 ring of evasion (left hand)
 w - the ring of Zuwkin Oczok (right hand) {rPois rF+ Will+ Dex+4}
   (You acquired it on level 9 of the Dungeon)

   [ring of poison resistance]

   Dex:       It affects your dexterity (+4).
   rF:        It protects you from fire.
   rPois:     It protects you from poison.
   Will:      It increases your willpower.
 D - an amulet of magic regeneration (around neck)
Wands
 d - a wand of charming (3)
Scrolls
 f - a scroll of enchant armour
 i - 3 scrolls of teleportation
 x - a scroll of fear
 y - a scroll of fog
Potions
 e - 6 potions of curing
 k - a potion of berserk rage
 p - a potion of flight
 q - a potion of might
 v - 3 potions of heal wounds {unknown}
 z - a potion of magic
 A - a potion of ambrosia


   Skills:
 - Level 1.7 Dodging
 - Level 1.7 Stealth
 - Level 6.0 Spellcasting
 - Level 10.0 Conjurations
 - Level 7.0 Translocations
 + Level 9.9 Ice Magic
 + Level 8.3 Invocations


You had 5 spell levels left.
You knew the following spells:

 Your Spells              Type           Power      Damage    Failure   Level
a - Magic Dart            Conj           100%       1d8       1%          1
b - Searing Ray           Conj           100%       2d8       1%          2
c - Iskenderun's Mystic   Conj/Tloc      44%        2d10      2%          4
d - Ozocubu's Armour      Ice            50%        N/A       1%          3
e - Ozocubu's Refrigerat  Ice            25%        4d10      78%         7

Your spell library contained the following spells:

 Spells                   Type           Power      Damage    Failure   Level
 Conjure Flame            Conj/Fire      28%        6-21      3%          3
 Dazzling Flash           Conj/Hex       56%        N/A       3%          3
 Fulminant Prism          Conj/Hex       14%        3d9       12%         4
 Sticky Flame             Conj/Fire      28%        2d5       12%         4
 Ignite Poison            Fire/Tmut/Pois 6%         N/A       26%         3
 Metabolic Englaciation   Hex/Ice        14%        N/A       32%         5
 Simulacrum               Ice/Necr       14%        N/A       88%         6


Dungeon Overview and Level Annotations

Branches:
Dungeon (10/15)            Temple (1/1) D:6            Lair (1/6) D:9
    Orc (0/2) D:9         Gauntlet (1/1)

Altars:
Ashenzari
Cheibriados
Elyvilon
Fedhas
Kikubaaqudgha
Makhleb
Nemelex Xobeh
Okawaru
Ru
Sif Muna
Trog
Vehumet
Xom
Yredelemnul

Shops:
D:7 *   D:8 *

Annotations:
D:8 1 runed translucent door, Datul's ghost, novice DjFi
D:9 2 runed translucent doors Gauntlet 10 transporters, 4 runed translucent doors


Innate Abilities, Weirdness & Mutations

You can breathe waves of freezing cold which knock back foes.
Your icy white scales are hard. (AC +7)
You cannot fit into any form of body armour.
Your flesh is cold resistant. (rC+)
You are cold-blooded and may be slowed by cold attacks.


Message History

The spectral wolf spider hits you!
* * * LOW HITPOINT WARNING * * *
You feel drained.
* * * LOW HITPOINT WARNING * * *
The spectral wolf spider bites you!
* * * LOW HITPOINT WARNING * * *
Unknown command.
Casting: Searing Ray (safe; 1% risk of failure)
Confirm with . or Enter, or press ? or * to list all spells.
You erupt in a blast of force!
The mystic blast hits the spectral wolf spider!
The spectral wolf spider is moderately damaged.
The spectral wolf spider is knocked back by the mystic blast.
Unknown command.
The spectral wolf spider barely misses you.
The spectral wolf spider bites you but does no damage.
Casting: Iskenderun's Mystic Blast (dangerous; 2% risk of failure)
Confirm with . or Enter, or press ? or * to list all spells.
You erupt in a blast of force!
The mystic blast hits the spectral wolf spider!
The spectral wolf spider is moderately damaged.
The spectral wolf spider is knocked back by the mystic blast.
The spectral wolf spider hits you.
* * * LOW HITPOINT WARNING * * *
The spectral wolf spider closely misses you.
The spectral wolf spider hits you!
* * * LOW HITPOINT WARNING * * *
The spectral wolf spider bites you!
* * * LOW HITPOINT WARNING * * *
You feel drained.
* * * LOW HITPOINT WARNING * * *
Casting: Iskenderun's Mystic Blast (dangerous; 2% risk of failure)
Confirm with . or Enter, or press ? or * to list all spells.
You erupt in a blast of force!
The mystic blast hits the spectral wolf spider!
The spectral wolf spider is heavily damaged.
The spectral wolf spider is knocked back by the mystic blast.
The spectral wolf spider hits you but does no damage.
The spectral wolf spider bites you!
You die...

##.8.....8.....................##
#...............8.....8.....8.##
≈...###########...............≈#
#...#.....#...#...#########...##
≈...#..##..#..#...#.....#.#...§#
#...#..#..##..#####[###Z#.#...##
≈...#).##..#..#...#$^.###.#...§#
#.8.#©.#.©##..#Z8©#©..©...#©8.##
≈...#=.##..#.t#.@.#k^.###.#...§#
#...#?.#..##..#####!###Z#.#...##
≈...#..##..#..#...#.....#.#...≈#
#...#.....#...#...#########..§##
≈...###########..............§§#
#...............8.....8.....8§##
≈.8......8..................§.≈#
#§..............#≈#§#≈#§#≈#≈#§##
##§#≈#≈#≈#≈#≈#≈################


You could see a death drake, an apocalypse crab and a spectral wolf spider.

Vanquished Creatures
  Erica (D:8)
  A two-headed ogre (D:10)
  Sonja (D:10)
  A kobold demonologist (D:10)
  Psyche (D:8)
  A komodo dragon (D:10)
  Prince Ribbit (D:7)
  2 hornets
  4 yaks (D:10)
  2 wyverns (D:8)
  A steam dragon (D:5)
  2 acid dragons
  5 orc warriors
  A black bear (D:7)
  4 centaurs
  2 ogres
  13 kobold brigands
  Blork the orc (D:5)
  A bullfrog (D:6)
  A wyvern zombie (D:7)
  8 wights
  4 howler monkeys (D:8)
  4 centaur zombies
  4 hounds
  4 jellies
  3 orc priests
  2 centaur skeletons (D:5)
  A gnoll shaman (D:8)
  A bullfrog skeleton (D:6)
  2 iguanas
  4 orc wizards
  2 howler monkey zombies
  9 gnolls
  A howler monkey skeleton (D:6)
  4 adders
  2 white imps
  2 adder zombies (D:4)
  An adder skeleton (D:4)
  3 worms
  32 orcs
  4 endoplasms
  3 giant cockroaches
  11 goblins
  9 hobgoblins
  8 jackals (D:1)
  2 quokkas
  3 ball pythons
  5 bats
  3 frilled lizards
  14 kobolds
  7 rats
208 creatures vanquished.

Vanquished Creatures (others)
  A bullfrog (D:8)
  5 fungi (D:9)
  9 plants
  2 withered plants (Gauntlet)
17 creatures vanquished.

Grand Total: 225 creatures vanquished

Notes
Turn   | Place    | Note
-------+----------+-------------------------------------------
     0 | D:1      | pkoi the Draconian Conjurer began the quest for the Orb.
     0 | D:1      | Reached XP level 1. HP: 14/14 MP: 3/3
   316 | D:1      | Reached XP level 2. HP: 20/20 MP: 3/5
   395 | D:1      | Learned a level 2 spell: Searing Ray
   889 | D:1      | Reached skill level 5 in Conjurations
   900 | D:1      | Reached XP level 3. HP: 7/26 MP: 1/6
  1185 | D:1      | Found a faded altar of an unknown god.
  2557 | D:3      | Reached XP level 4. HP: 33/33 MP: 4/7
  2856 | D:2      | Identified the +0 chain mail "Desmie" {Str+4}
  2911 | D:4      | Found a sacrificial altar of Ru.
  2996 | D:4      | Reached skill level 6 in Conjurations
  3158 | D:4      | Reached XP level 5. HP: 35/38 MP: 0/8
  3428 | D:4      | Reached skill level 7 in Conjurations
  3504 | D:4      | Learned a level 4 spell: Iskenderun's Mystic Blast
  3948 | D:4      | Reached XP level 6. HP: 45/45 MP: 2/9
  4143 | D:4      | Reached skill level 1 in Translocations
  4260 | D:4      | Found a basalt altar of Yredelemnul.
  4310 | D:5      | Entered Level 5 of the Dungeon
  4396 | D:5      | Found a sparkling altar of Nemelex Xobeh.
  4526 | D:5      | Noticed Blork the orc
  4536 | D:5      | Killed Blork the orc
  4638 | D:5      | Your scales start taking on an icy white colour.
  4638 | D:5      | Reached XP level 7. HP: 50/50 MP: 5/11
  4638 | D:5      | Gained mutation: Your flesh is cold resistant. (rC+) [White
                  | Draconian growth]
  4690 | D:5      | Learned a level 3 spell: Ozocubu's Armour
  4707 | D:5      | Noticed a steam dragon
  4956 | D:5      | Killed a steam dragon
  4957 | D:5      | Reached skill level 1 in Ice Magic
  5620 | D:6      | Found a white marble altar of Elyvilon.
  5628 | D:6      | Reached skill level 8 in Conjurations
  6614 | D:6      | Reached XP level 8. HP: 31/57 MP: 1/13
  6765 | D:6      | Found a staircase to the Ecumenical Temple.
  6782 | Temple   | Entered the Ecumenical Temple
  6851 | Temple   | Became a worshipper of Sif Muna the Loreminder
  6998 | D:6      | Reached skill level 1 in Invocations
  8931 | D:7      | Found an iron altar of Okawaru.
  9260 | D:7      | Noticed Prince Ribbit
  9281 | D:7      | Killed Prince Ribbit
  9281 | D:7      | Reached * piety under Sif Muna
  9523 | D:7      | Found Ecsos's Neck Hole.
  9851 | D:7      | Reached skill level 5 in Translocations
  9851 | D:7      | Reached XP level 9. HP: 62/62 MP: 8/16
 10158 | D:8      | Noticed Erica
 10170 | D:8      | Killed Erica
 10171 | D:8      | Reached skill level 5 in Spellcasting
 10171 | D:8      | Reached skill level 9 in Conjurations
 10171 | D:8      | Reached skill level 5 in Ice Magic
 10678 | D:8      | Found Wyty's General Store.
 10690 | D:8      | Noticed Psyche
 10714 | D:8      | Killed Psyche
 11505 | D:8      | Found a runed translucent door.
 11505 | D:8      | Noticed Datul's ghost (novice DjFi)
 11708 | D:9      | Identified a scroll of acquirement
 11708 | D:9      | Acquired the ring of Zuwkin Oczok {rPois rF+ Will+ Dex+4}
 11751 | D:9      | Learned a level 7 spell: Ozocubu's Refrigeration
 11802 | D:9      | Found a staircase to the Lair.
 11906 | D:9      | Reached skill level 5 in Invocations
 12188 | D:9      | Reached XP level 10. HP: 58/69 MP: 4/18
 12402 | D:9      | Found a staircase to the Orcish Mines.
 12410 | D:9      | Reached ** piety under Sif Muna
 12596 | D:9      | Found a large runed translucent door.
 12602 | D:9      | Found a large runed translucent door.
 13093 | D:10     | Entered Level 10 of the Dungeon
 13364 | D:10     | Noticed a two-headed ogre
 13375 | D:10     | Killed a two-headed ogre
 13639 | D:10     | Reached skill level 10 in Conjurations
 13706 | D:10     | Noticed Sonja
 13711 | D:10     | Killed Sonja
 15133 | D:10     | Reached XP level 11. HP: 57/74 MP: 6/20
 15584 | Lair:1   | Entered Level 1 of the Lair of Beasts
 15594 | Lair:1   | Found a gate leading to a gauntlet.
 15607 | Gauntlet | Entered a Gauntlet
 15607 | Gauntlet | Found a transporter.
 15616 | Gauntlet | Found a transporter.
 15618 | Gauntlet | Noticed a reaper
 15630 | Gauntlet | Found a runed translucent gate.
 15630 | Gauntlet | Found a runed translucent gate.
 15630 | Gauntlet | Found a runed translucent gate.
 15632 | Gauntlet | Found a transporter.
 15632 | Gauntlet | Found the necklace of Bloodlust {*Rage Will++ Int-3 Slay+6}
 15636 | Gauntlet | Found a transporter.
 15643 | Gauntlet | Noticed a death yak
 15643 | Gauntlet | Noticed a death yak
 15644 | Gauntlet | Noticed a death yak
 15645 | Gauntlet | Noticed a necromancer
 15648 | Gauntlet | Found a transporter.
 15663 | Gauntlet | Found a runed translucent door.
 15670 | Gauntlet | Found a transporter.
 15673 | Gauntlet | Found a transporter.
 15679 | Gauntlet | Found a transporter.
 15695 | Gauntlet | Found the +6 Majin-Bo {vamp, MP+6 Int+6}
 15703 | Gauntlet | Found a transporter.
 15703 | Gauntlet | Found a transporter.
 15711 | Gauntlet | Noticed a death drake
 15714 | Gauntlet | Found a transporter.
 15748 | Gauntlet | Found a transporter.
 15899 | Gauntlet | HP: 3/67 [spectral wolf spider (1)]
 15900 | Gauntlet | Slain by a spectral wolf spider

Illustrated notes

Levels and vault maps discovered:
D:1:      minmay_arrival_doors, layout_basic, ebering_ecumenical_altar_hall
D:2:      layout_loops_ring
D:3:      layout_rooms
D:4:      minmay_opposing_rooms, layout_cave_pools, old_standard_altar,
          lemuel_zombie_altar_yredelemnul, st_stairs_13, minmay_crossroads
D:5:      layout_basic, nicolae_overflow_crystal_walls, lemuel_old_faithful,
          uniq_blork_the_orc
D:6:      cheibrodos_quashed, layout_rooms, nicolae_elyvilon_temple_path,
          minmay_temple_entry_arrows
D:7:      layout_loops_corners, okawaru_trees_2, st_stairs_4,
          nicolae_shop_sticking_my_neck_out, uniq_prince_ribbit1
D:8:      layout_basic, gammafunk_ghost_grave, serial_shops,
          nicolae_shop_advertising_works [nicolae_subvault_shop_adworks],
          uniq_erica, uniq_psyche
D:9:      layout_rooms, jmf_multi_god_temple2, dpeg_oklobed_lair, david_orc_2
D:10:     layout_basic, special_room [special_room_kobold], uniq_sonja
Temple:   eino_wide_crystal_templ
Lair:1:   layout_small_grid, gauntlet_entry_generic, st_stairs_4,
          lemuel_fruit_tree
Gauntlet: minmay_gauntlet_mixed_oops_all_seconds
          [minmay_gauntlet_arena_77_mirror, gammafunk_gauntlet_arena_mazey,
          minmay_gauntlet_arena_77_run_for_it, gammafunk_gauntlet_arena_teeth,
          minmay_gauntlet_arena_77_path, nicolae_gauntlet_swirl,
          nicolae_gauntlet_exit_dead_adventurers]

Skill      XL: |  1  2  3  4  5  6  7  8  9 10 |
---------------+-------------------------------+-----
Conjurations   | 5 6 7 8 9 10 | 10.0
Translocations | 2 3 5 6 7 |  7.0
Spellcasting   | 3 4 5 6 |  6.0
Ice Magic      | 3 4 6 9 |  9.9
Invocations    | 3 5 8 |  8.3
Dodging        | |  1.7
Stealth        | |  1.7

Action                   |  1- 3 |  4- 6 |  7- 9 | 10-12 || total
-------------------------+-------+-------+-------+-------++-------
Melee: Whip              |    22 |       |       |       ||    22
       Tailslap          |     5 |     2 |     3 |     4 ||    14
       Dagger            |     9 |    15 |    30 |    38 ||    92
       Punch             |     1 |     1 |     2 |     1 ||     5
Throw: Dart              |       |       |     4 |    12 ||    16
 Cast: Magic Dart        |    85 |    65 |    60 |    18 ||   228
       Searing Ray       |     1 |    10 |    59 |    39 ||   109
       Iskenderun's Myst |       |       |     6 |    15 ||    21
Invok: Channel Magic     |       |       |       |     1 ||     1
 Abil: Breathe Frost     |       |       |     1 |       ||     1
  Use: Scroll            |       |    11 |     5 |     3 ||    19
       Potion            |       |       |     2 |       ||     2
Armor: Skin              |    26 |    16 |    40 |    39 ||   121
Dodge: Dodged            |    29 |    25 |    90 |    72 ||   216
